 Dungeon Crawl Stone Soup version 0.31.0 (webtiles) character file.

Game seed: 995063261958463452

708 GloriousHammer the Poker (level 8, 0/58 HPs)
             Began as a Formicid Cinder Acolyte on Jan 19, 2024.
             Was a High Priest of Ignis.
             Succumbed to Edmund's poison
             ... on level 4 of the Dungeon on Jan 20, 2024.
             The game lasted 00:15:46 (7062 turns).

GloriousHammer the Poker (Formicid Cinder Acolyte)  Turns: 7062, Time: 00:15:47

Health: 0/58       AC: 12    Str: 20 (22) XL:     8   Next: 0%
Magic:  11/11      EV:  6    Int: 12 (13) God:    Ignis [*****.]
Gold:   186        SH:  0    Dex:  7 (9)  Spells: 9/11 levels left

rFire   + . .        u - +0 scythe
rCold   . . .        (no shield)
rNeg    . . .        s - +0 plate armour
rPois   .            (helmet unavailable)
rElec   .            w - scarf {shadows}
rCorr   .            e - +0 pair of gloves
SInv    +            (no boots)
Will    .....        (no amulet) Stlth
                     (no ring)
HPRegen 0.29/turn    (no ring)
MPRegen 0.12/turn

%: no passive effects
@: lethally poisoned (0 -> -34), attractive
A: permanent stasis, dig shafts and tunnels, antennae 3, four strong arms
a: Dig, Shaft Self, Renounce Religion, Fiery Armour, Foxfire Swarm


You were on level 4 of the Dungeon.
You worshipped Ignis.
Ignis was extremely pleased with you.
You visited 2 branches of the dungeon, and saw 6 of its levels.

You collected 186 gold pieces.

Inventory:

Hand Weapons
 a - a -1 spear of flaming
 u - a +0 scythe (weapon)
Missiles
 y - 2 poisoned darts
Armour
 b - a +0 robe
 c - a +0 leather armour
 e - a +0 pair of gloves (worn)
 s - a +0 plate armour (worn)
 w - a scarf of shadows (worn)
Wands
 o - a wand of roots (12)
 r - a wand of mindburst (19)
Scrolls
 f - a scroll of identify {unknown}
 g - a scroll of teleportation {unknown}
 l - a scroll of poison {unknown}
 m - a scroll of blinking {unknown}
 p - a scroll of immolation {unknown}
 t - a scroll of silence {unknown}
 v - a scroll of summoning {unknown}
Potions
 d - a potion of brilliance {unknown}
 h - 2 potions of attraction
 i - 2 potions of heal wounds
 j - a potion of resistance {unknown}
 k - a potion of mutation {unknown}
 n - a potion of magic {unknown}
 q - a potion of degeneration
 x - a potion of enlightenment {unknown}


   Skills:
 - Level 3.2 Fighting
 + Level 6.8 Polearms
 - Level 4.0 Armour
 - Level 1.1 Dodging
 - Level 1.0 Stealth
 - Level 2.0 Spellcasting
 - Level 4.0 Fire Magic


You had 9 spell levels left.
You knew the following spells:

 Your Spells              Type           Power      Damage    Failure   Level
a - Scorch                Fire           20%        2d5       91%         2

Your spell library contained the following spells:

 Spells                   Type           Power      Damage    Failure   Level
 Kiss of Death            Conj/Necr      4%         2d5       100%        1
 Slow                     Hex            4%         N/A       100%        1
 Sting                    Conj/Alch      4%         1d3       100%        1
 Mercury Vapours          Alch/Air       2%         N/A       100%        2
 Confusing Touch          Hex            1%         N/A       100%        3
 Sigil of Binding         Hex            1%         N/A       100%        3
 Vampiric Draining        Necr           1%         2d6       100%        3
 Dispel Undead            Necr           1%         3d6       100%        4
 Olgreb's Toxic Radiance  Alch           1%         N/A       100%        4
 Arcjolt                  Conj/Air       0%         1d10      100%        5
 Maxwell's Capacitive Co  Air            0%         ∞         100%        8
 Vhi's Electric Charge    Tloc/Air       Unusable   N/A       N/A         4

Dungeon Overview and Level Annotations

Branches:
Dungeon (5/15)             Temple (1/1) D:4

Altars:
Ashenzari
Cheibriados
Dithmenos
Elyvilon
Fedhas
Makhleb
Nemelex Xobeh
Okawaru
Qazlal
Sif Muna
Vehumet
Wu Jian
Xom
The Shining One

Annotations:
D:2 1 runed translucent door, Crazy Yiuf
D:5 Edmund


Innate Abilities, Weirdness & Mutations

You cannot be hasted, slowed, berserked, paralysed or teleported.
You can dig through walls and to a lower floor.
You have a pair of large antennae on your head. (SInv)
Your four strong arms can wield two-handed weapons with a shield.


Message History

You see here 2 poisoned darts.
You now have 186 gold pieces (gained 20).
Found a stone staircase leading up.
Key pressed, stopping explore.
You see here a +0 club.
There is a stone staircase leading down here.
There is a stone staircase leading down here.
Done exploring.
Done exploring.
Done exploring.
Done exploring.
Search for what [Enter for "pole", or ? for help]? .
You see here a Young Poisoner's Handbook.
Things that are here:
a +0 leather armour; a +0 flail You sense a monster nearby.
There are no items here.
An orc comes into view. It is wielding a +0 flail.
The orc shouts!
You reach to attack!
You closely miss the orc. You closely miss the orc.
The orc hits you but does no damage.
You puncture the orc!
You kill the orc!
You have reached level 8!
You feel stronger.
Search for what [Enter for "."]? .
You sense a monster nearby.
There are no items here.
Unknown command.
A giant cockroach comes into view.
Things that are here:
a +0 leather armour; a +0 flail You reach to attack!
You closely miss the giant cockroach. You puncture the giant cockroach!
You kill the giant cockroach!
No target in view!
You see here 2 poisoned darts.
y - 2 poisoned darts
There is a stone staircase leading down here.
You climb downwards.
You hear the sound of rushing water.
There is an entrance to a sewer on this level.
Hurry and find it before the portal rusts away!
Found a stone staircase leading down.
There is a stone staircase leading up here.
Edmund the Younger comes into view.
He is wielding a +3 flail of venom.
You slash Edmund!
Edmund is moderately wounded.
Edmund hits you with a +3 flail of venom.
You closely miss Edmund.
Edmund is moderately wounded.
Edmund hits you but does no damage.
You are poisoned.
You slash Edmund!
Edmund is heavily wounded.
You feel very sick. Edmund hits you but does no damage.
You are more poisoned.
You closely miss Edmund.
Edmund is heavily wounded.
You feel very sick.
Edmund hits you with a +3 flail of venom.
You are more poisoned.
You completely miss Edmund.
Edmund is heavily wounded.
You feel very sick. Edmund barely misses you.
Unknown command.
You barely miss Edmund.
Edmund is heavily wounded.
You feel very sick.
Edmund hits you with a +3 flail of venom!
Edmund hits you with a +3 flail of venom.
You are more poisoned.
You closely miss Edmund.
Edmund is heavily wounded.
You feel very sick.
Edmund hits you with a +3 flail of venom!
* * * LOW HITPOINT WARNING * * *
You are more poisoned.
You begin to rise into the air.
* * * LOW HITPOINT WARNING * * *
You feel very sick.
Edmund hits you with a +3 flail of venom.
* * * LOW HITPOINT WARNING * * *
You are more poisoned.
It was a potion of heal wounds.
You feel much better.
You feel extremely sick.
Edmund hits you with a +3 flail of venom.
* * * LOW HITPOINT WARNING * * *
You are more poisoned.
It was a potion of attraction.
You feel attractive to monsters.
With a burst of heat and light, you rocket upward!
* * * LOW HITPOINT WARNING * * *
You feel extremely sick.
There is a shaft here.
It was a potion of degeneration.
There was something very wrong with that liquid.
You feel weakened.
You feel dopey.
You feel clumsy.
You die...

..## #..# #)####.# #.....# #
..####..####[.....# #.....######
..........[.......# #...........
..####..####..###.#####.#########
........# #..# #.......#
#.####..####..#######.#.#
#..............[)..##.#.#
######..#####..###.##.#.#
........# #..#@.......# ###.###.#
#.........### #.#
#.######.....##.## #.#
#................# #.#
###############..# #.# #..# #.#
#..# #.# #.)########## #.#
#####....[.......


There were no monsters in sight!

Vanquished Creatures
  Sigmund (D:2)
  2 ogres (D:4)
  A scorpion (D:4)
  2 hounds (D:4)
  2 orc wizards (D:4)
  An iguana (D:4)
  4 gnolls (D:4)
  6 adders
  A white imp (D:4)
  3 ribbon worms (D:4)
  2 dart slugs
  11 orcs
  6 bats
  8 endoplasms
  A giant cockroach (D:4)
  9 hobgoblins
  3 jackals (D:1)
  A quokka (D:1)
  4 ball pythons
  4 frilled lizards
  5 goblins
  4 kobolds
  18 rats
99 creatures vanquished.

Vanquished Creatures (others)
  5 foxfires (D:2)
5 creatures vanquished.

Grand Total: 104 creatures vanquished

Notes
Turn   | Place    | Note
-------+----------+-------------------------------------------
     0 | D:1      | GloriousHammer the Formicid Cinder Acolyte began the quest
                  | for the Orb.
     0 | D:1      | Reached XP level 1. HP: 18/18 MP: 2/2
   265 | D:1      | Reached XP level 2. HP: 15/24 MP: 3/3
   407 | D:1      | Learned a level 2 spell: Scorch
   903 | D:1      | Reached XP level 3. HP: 29/29 MP: 4/4
  1909 | D:2      | Found a runed translucent door.
  1910 | D:2      | Noticed Crazy Yiuf
  1975 | D:2      | Reached skill level 1 in Armour
  2205 | D:2      | Found a faded altar of an unknown god.
  2208 | D:2      | Identified the +3 whip of the Distant Future {heavy, Str+5}
  2382 | D:2      | Noticed Sigmund
  2399 | D:2      | Killed Sigmund
  2400 | D:2      | Reached skill level 4 in Polearms
  2400 | D:2      | Reached skill level 1 in Dodging
  2400 | D:2      | Reached XP level 4. HP: 6/35 MP: 2/7
  2400 | D:2      | Reached XP level 5. HP: 7/41 MP: 2/8
  2400 | D:2      | Reached XP level 6. HP: 8/47 MP: 2/9
  3511 | D:3      | Reached skill level 1 in Stealth
  3560 | D:3      | Identified the +5 whip of Kismet {pain, ^Drain rPois Will++
                  | Int+2}
  5432 | D:4      | Reached XP level 7. HP: 47/52 MP: 10/10
  5444 | D:4      | Reached skill level 5 in Polearms
  6363 | D:4      | Reached skill level 6 in Polearms
  6695 | D:4      | Found a staircase to the Ecumenical Temple.
  6700 | Temple   | Entered the Ecumenical Temple
  6995 | D:4      | Reached XP level 8. HP: 58/58 MP: 11/11
  7049 | D:5      | Entered Level 5 of the Dungeon
  7051 | D:5      | Noticed Edmund
  7062 | D:4      | Succumbed to Edmund's poison

Illustrated notes

Levels and vault maps discovered:
D:1:      dpeg_arrival_short_road, layout_basic, st_stairs_3,
          minmay_rat_gold_closets
D:2:      layout_basic, serial_bayou, serial_bayou_shore_a, serial_bayou_lake_a,
          serial_bayou_pond_c, serial_bayou_pond_a,
          ebering_ecumenical_altar_ruins, chequers_serial_rivers_large_a,
          nicolae_concentric_dashed_squares_wild, uniq_sigmund,
          uniq_crazy_yiuf_cottage
D:3:      layout_basic
D:4:      layout_loops_ring, minmay_temple_entry_drinking_statues,
          nicolae_grassy_gnolls
D:5:      layout_basic, nicolae_gozag_seed_capital,
          mainiacjoe_overflow_tiny_flanked, gup_sewer_entry_bubbles,
          uniq_duvessa, uniq_edmund
Temple:   eino_temple_water

Skill      XL: |  1  2  3  4  5  6  7 |
---------------+----------------------+-----
Armour         | 2 4 |  4.0
Polearms       | 4 6 |  6.8
Dodging        | 1 |  1.1
Spellcasting   | 2 |  2.0
Fire Magic     | 4 |  4.0
Stealth        | 1 |  1.0
Fighting       | |  3.2

Action                     |  1- 3 |  4- 6 |  7- 9 || total
---------------------------+-------+-------+-------++-------
  Melee: Spear             |    97 |   119 |    57 ||   273
         Punch             |       |     1 |       ||     1
         Halberd           |       |       |    49 ||    49
   Cast: Scorch            |    20 |    22 |       ||    42
 Invoke: Foxfire Swarm     |     1 |       |       ||     1
         Fiery Armour      |     1 |       |       ||     1
         Rising Flame      |       |       |     1 ||     1
    Use: Potion            |       |       |     3 ||     3
   Stab: Sleeping          |       |     1 |       ||     1
 Armour: Leather armour    |    46 |     9 |       ||    55
         Robe              |     5 |       |       ||     5
         Plate armour      |       |    69 |    66 ||   135
  Dodge: Dodged            |    43 |    31 |    25 ||    99
